 Dungeon Crawl Stone Soup version 0.29-a0-553-g81b289dbe5 (webtiles) character file.

Game seed: 10381180017002321346

67 spaghetti the Skirmisher (level 4, 0/44 HPs)
             Began as a Naga Fighter on June 6, 2022.
             Slain by a hobgoblin (3 damage)
             ... led by Robin
             ... on level 2 of the Dungeon.
             The game lasted 00:02:24 (1624 turns).

spaghetti the Skirmisher (Naga Fighter)             Turns: 1624, Time: 00:02:25

Health: 0/44       AC:  4    Str: 21    XL:     4   Next: 16%
Magic:  4/4        EV:  9    Int: 10    God:
Gold:   44         SH:  4    Dex: 10    Spells: 3/3 levels left

rFire   . . .      SeeInvis +     - Unarmed
rCold   . . .      Faith    .   b - +0 buckler
rNeg    . . .      Spirit   .   q - +1 robe of Experimentation {Int+2}
rPois   +          Reflect  .   (no helmet)
rElec   .          Harm     .   (no cloak)
rCorr   .          Rampage  .   m - +0 pair of gloves
Will    .....                   (no barding)
Stlth   +.........              (no amulet)
HPRegen 0.14/turn               (no ring)
MPRegen 0.09/turn               (no ring)

@: mighty, flying, very slow
A: AC +1, large, see invisible, deformed body, poison resistance, slowness 2,
spit poison 1, naga tail 1
a: Spit Poison


You were on level 2 of the Dungeon.
You visited 1 branch of the dungeon, and saw 2 of its levels.

You collected 44 gold pieces.


Innate Abilities, Weirdness & Mutations

Your serpentine skin is tough. (AC +1)
You have supernaturally acute eyesight. (SInv)
Armour fits poorly on your strangely shaped body.
Your system is resistant to poisons. (rPois)
You cover ground very slowly.
You can spit poison.
You have a snake-like lower body.


   Skills:
 + Level 4.0 Fighting
 - Level 2.4 Armour
 - Level 2.6 Shields
 + Level 3.3 Unarmed Combat


You had 3 spell levels left.
You didn't know any spells.
Your spell library contained the following spells:

 Spells                   Type           Power      Damage    Failure   Level
 Call Canine Familiar     Summ           0%         N/A       80%         3
 Portal Projectile        Hex/Tloc       0%         N/A       80%         3
 Leda's Liquefaction      Hex/Erth       0%         N/A       99%         4

Inventory:

Hand Weapons
 e - a +0 club {mace}
   (You took it off a goblin on level 1 of the Dungeon)
 f - a +0 dagger {short}
   (You took it off a goblin on level 1 of the Dungeon)
 h - a +0 short sword {short}
   (You took it off a kobold on level 1 of the Dungeon)
 i - a +0 short sword {short}
   (You took it off a kobold on level 1 of the Dungeon)
 l - a +0 club {mace}
   (You took it off a goblin on level 1 of the Dungeon)
 n - a +0 whip {mace}
   (You took it off a kobold on level 2 of the Dungeon)
 p - a +0 short sword {short}
   (You took it off a kobold on level 2 of the Dungeon)
Missiles
 j - 29 stones {throwing}
Armour
 a - a +0 scale mail
 b - a +0 buckler (worn)
 m - a +0 pair of gloves (worn)
   (You found it on level 2 of the Dungeon)
 q - the +1 robe of Experimentation (worn) {Int+2}
   (You found it on level 2 of the Dungeon)

   Int:       It affects your intelligence (+2).
Jewellery
 o - an amulet of reflection
   (You took it off a kobold on level 2 of the Dungeon)
Scrolls
 d - a scroll of immolation {unknown}
 t - a scroll of blinking {unknown}

Dungeon Overview and Level Annotations

Branches:
Dungeon (2/15)

Altars:

#..........# ### #..........# ..##
#..........# ...## #..........#
.#..### ##........## # ##
..#...#########..........# #...
#.............#..........####.###
#......#####...ggg........>......
#......####....g@)g...>.โ€
..####..
#########...###g.g............#.#
.........)..รท...........####.....
#####....#######.......## #..###.
####..########...##.#### #.## #.
.#...#.<.....#.####.# #. #.
...###.......#.# #.# #. #.
.#####.........# #.# #. #.
....##.......# #.# #. #.


You could see 2 hobgoblins and 5 goblins.


Message History

s - a scroll labelled LALENN NOXOU ๐Ÿ˜Ž HP[+4]
Your hp is fully restored (36).
t - a scroll labelled BOSTA VARGHESKE You now have 44 gold pieces (gained 4).
Key pressed, stopping explore.
Robin of the Strong Arm comes into view.
They are wielding a +0 dagger and carrying a wand of polymorph (7).
Robin shouts!
You hear a shout! x2
A goblin comes into view. It is wielding a +0 club.
A hobgoblin comes into view.
A goblin comes into view. It is wielding a +0 dagger.
A goblin comes into view. It is wielding a +0 club.
The hobgoblin shouts!
You hit Robin but do no damage.
A hobgoblin comes into view.
Robin completely misses you.
You hit Robin but do no damage.
A hobgoblin comes into view.
Robin roars a battlecry!
The goblins go into a battle-frenzy!
The hobgoblin shouts!
You hear a shout!
You hit Robin.
A goblin comes into view. It is wielding a +0 club.
Robin throws the goblin at you!
You hit Robin. You block the goblin's attack. Robin hits you with a +0 dagger.
You are too injured to fight recklessly!
You are too injured to fight recklessly!
You are too injured to fight recklessly!
You are too injured to fight recklessly!
You are too injured to fight recklessly! ๐Ÿ˜• HP[-2]
You take 2 damage, and now have 34/36 hp.
You are too injured to fight recklessly!
You are too injured to fight recklessly!
You are too injured to fight recklessly!
You are too injured to fight recklessly!
You are too injured to fight recklessly!
Unknown command.
Unknown command.
It was a potion of heal wounds.
You feel much better. You block Robin's attack.
The goblin misses you. ๐Ÿ˜Ž HP[+2]
Your hp is fully restored (36).
It was a potion of magic.
Magic courses through your body.
A goblin comes into view. It is wielding a +0 dagger.
You block the goblin's attack. Robin throws the goblin at you!
It was a potion of flight.
You feel very buoyant.
You fly up into the air.
The goblin shouts!
The goblin hits you but does no damage. Robin hits you with a +0 dagger.
The goblin misses you. x2 ๐Ÿ˜• HP[-1]
You take 1 damage, and now have 35/36 hp.
You feel very mighty all of a sudden.
The hobgoblin hits you but does no damage.
You block the goblin's attack. The goblin hits you but does no damage.
The goblin closely misses you. The hobgoblin hits you.
Robin throws the goblin at you! ๐Ÿ˜• HP[-6]
You take 6 damage, and now have 29/36 hp.
Unknown command.
Unknown command.
You punch Robin!
You kill Robin!
The hobgoblin hits you. The goblin hits you with a +0 dagger.
The goblin hits you with a +0 club. x2
* * * LOW HITPOINT WARNING * * *
The goblin hits you with a +0 club.
* * * LOW HITPOINT WARNING * * *
The hobgoblin closely misses you.
Your Fighting skill increases to level 4!
You have reached level 4!
You feel stronger. ๐Ÿ˜จ HP[-14] MP[+1]
You now have 44 max hp (+8).
You take 14 damage, and now have 15/44 hp.
MASSIVE DAMAGE!! (PAUSE)
Your mp is fully restored (4).
You hit the hobgoblin. The hobgoblin hits you.
* * * LOW HITPOINT WARNING * * *
The hobgoblin barely misses you. The goblin misses you.
You block the goblin's attack. The goblin completely misses you.
You block the hobgoblin's attack. The goblin hits you with a +0 club.
* * * LOW HITPOINT WARNING * * *
๐Ÿ˜ฑ HP[-5]
You take 5 damage, and now have 10/44 hp.
You punch the hobgoblin!
You kill the hobgoblin!
The hobgoblin barely misses you. The goblin hits you with a +0 dagger.
* * * LOW HITPOINT WARNING * * *
The hobgoblin barely misses you. The goblin barely misses you. x2
The goblin hits you with a +0 club.
* * * LOW HITPOINT WARNING * * *
๐Ÿ˜ฑ HP[-7]
You take 7 damage, and now have 3/44 hp.
Unknown command.
This is a scroll of acquirement!
Something appears before you! The hobgoblin hits you.
You die...

Skill      XL: |  1  2  3 |
---------------+----------+-----
Unarmed Combat | 3 |  3.3
Fighting       | 4 |  4.0
Armour         | |  2.4
Shields        | |  2.6

Action                   |  1- 3 |  4- 6 || total
-------------------------+-------+-------++-------
Melee: Unarmed           |   139 |     2 ||   141
 Abil: Spit Poison       |     6 |       ||     6
  Use: Potion            |     4 |       ||     4
       Scroll            |       |     1 ||     1
Armor: Scale mail        |    60 |       ||    60
       Robe              |    20 |       ||    20
Dodge: Dodged            |    83 |     7 ||    90
Block: Buckler           |    40 |     2 ||    42

Levels and vault maps discovered:
D:1:      dpeg_arrival_stonehenge_8_columns, layout_basic,
          nicolae_ecumenical_lake_church
D:2:      layout_rooms, minmay_tetromino_i2, uniq_robin

Notes
Turn   | Place    | Note
-------+----------+-------------------------------------------
     0 | D:1      | spaghetti the Naga Fighter began the quest for the Orb.
     0 | D:1      | Reached XP level 1. HP: 21/21 MP: 1/1
     0 | D:1      | magus.rc [v1.9.6]
    80 | D:1      | Found a faded altar of an unknown god.
    99 | D:1      | Reached XP level 2. HP: 23/28 MP: 2/2
   313 | D:1      | You pick up a book of the Hunter and begin reading...
   313 | D:1      | You add the spells Call Canine Familiar, Portal Projectile
                  | and Leda's Liquefaction to your library.
   909 | D:2      | Reached XP level 3. HP: 29/34 MP: 3/3
  1185 | D:2      | Reached skill level 3 in Unarmed Combat
  1190 | D:2      | Identified the +1 robe of Experimentation {Int+2}
  1610 | D:2      | Noticed Robin
  1621 | D:2      | Killed Robin
  1622 | D:2      | Reached skill level 4 in Fighting
  1622 | D:2      | Reached XP level 4. HP: 15/44 MP: 4/4
  1622 | D:2      | HP: 10/44 [goblin/+0 club[Robin] (2)]
  1623 | D:2      | HP: 3/44 [goblin/+0 club[Robin] (5)]
  1624 | D:2      | Identified a scroll of acquirement
  1624 | D:2      | Acquired 971 gold pieces
  1624 | D:2      | Slain by a hobgoblin

Vanquished Creatures
  Robin (D:2)
  An adder (D:2)
  6 bats
  An endoplasm (D:2)
  A giant cockroach (D:2)
  4 goblins
  5 hobgoblins
  7 jackals (D:2)
  2 quokkas
  6 ball pythons
  A frilled lizard (D:1)
  5 kobolds
  A rat (D:2)
41 creatures vanquished.

Table legend:
 A = Non-vault XP
 B = Vault XP
 C = Vault XP percentage of total XP
 D = Non-vault monster count
 E = Vault monster count
 F = Vault count percentage of total count
                 A         B        C        D         E       F
            +---------+---------+-------+---------+---------+-------
      Total |      79 |      17 |  17.7 |      39 |       2 |   4.9
            +---------+---------+-------+---------+---------+-------
        D:1 |      27 |       0 |   0.0 |      16 |       0 |   0.0
        D:2 |      52 |      17 |  24.6 |      23 |       2 |   8.0
            +---------+---------+-------+---------+---------+-------

Illustrated notes

Table legend:
 A = Kills in this place as a percentage of kills in entire the game.
 B = Kills by you in this place as a percentage of kills by you in the entire game.
 C = Kills by friends in this place as a percentage of kills by friends in the entire game.
 D = Other kills in this place as a percentage of other kills in the entire game.
 E = Experience gained in this place as a percentage of experience gained in the entire game.
 F = Experience gained in this place divided by the number of levels of this place that you have seen.
                   A       B       C       D       E      F
               +-------+-------+-------+-------+-------+----------------------
         Total | 100.0 | 100.0 |   N/A |   N/A | 100.0 |  48.0
       Dungeon | 100.0 | 100.0 |   N/A |   N/A | 100.0 |  48.0
               +-------+-------+-------+-------+-------+----------------------

Table legend: (Time is in decaauts)
 A = Elapsed time spent in this place.
 B = Non-inter-level travel time spent in this place.
 C = Inter-level travel time spent in this place.
 D = Time resting spent in this place.
 E = Time spent auto-exploring this place.
 F = Levels seen in this place.
 G = Mean time per level.
                   A        B        C        D        E       F      G
               +--------+--------+--------+--------+--------+-----+--------+
         Total |   1963 |   1958 |      5 |      0 |   1616 |   2 |  981.5 |
       Dungeon |   1963 |   1958 |      5 |      0 |   1616 |   2 |  981.5 |
               +--------+--------+--------+--------+--------+-----+--------+

Top non-repeatable levels by time:
     D:1: 999 daAuts
     D:2: 964 daAuts
